 Seeded DCSS version 0.30-a0-847-g17996783a1 (webtiles) character file.

Game seed: 13565400484763291288 (custom seed)

328 Mickster the Insei (level 6, -4/82 HPs)
             Began as a Minotaur Wanderer on Mar 3, 2023.
             Slain by oldplebian's ghost (15 damage)
             ... on level 5 of the Dungeon.
             The game lasted 00:31:24 (2575 turns).

Mickster the Insei (Minotaur Wanderer)              Turns: 2575, Time: 00:31:24

Health: -4/82      AC:  7    Str: 16    XL:     6   Next: 25%
Magic:  5/5        EV: 11    Int:  5    God:
Gold:   120        SH:  4    Dex: 16    Spells: 5/5 levels left

rFire   . . .      SeeInvis +    p - +2 dagger (drain)
rCold   . . .      Faith    .    j - +0 buckler
rNeg    . . .      Spirit   .    c - +0 ring mail
rPois   .          Reflect  .    (helmet restricted)
rElec   .          Rampage  .    d - +1 cloak
rCorr   +                        (no gloves)
Will    .....                    (no boots) Stlth
                                 e - amulet of magic regeneration
HPRegen 0.33/turn                h - ring of resist corrosion
MPRegen 0.49/turn                o - ring of see invisible

@: berserking, slow
A: horns 2, retaliatory headbutt
a: no special abilities


You were on level 5 of the Dungeon.
You visited 1 branch of the dungeon, and saw 5 of its levels.

You collected 120 gold pieces.

Inventory:

Hand Weapons
 k - a +0 hand axe
 m - a +0 sling
 p - a +2 dagger of draining (weapon)
 t - a +3 dagger
Missiles
 i - 28 stones (quivered)
 w - 2 boomerangs
Armour
 c - a +0 ring mail (worn)
 d - a +1 cloak (worn)
 f - a +0 leather armour
 j - a +0 buckler (worn)
Magical Staves
 r - a staff of fire
Jewellery
 e - an amulet of magic regeneration (around neck)
 h - a ring of resist corrosion (left hand)
 l - a ring of protection from fire
 o - a ring of see invisible (right hand)
Wands
 x - a wand of charming (6)
Scrolls
 g - 2 scrolls of blinking
 n - 2 scrolls of identify
 q - a scroll of teleportation
 s - a scroll of amnesia
Potions
 a - 3 potions of curing
 u - 2 potions of brilliance
 v - a potion of ambrosia


   Skills:
 + Level 4.9 Fighting
 * Level 3.6 Short Blades
 - Level 0.2 Axes
 + Level 0.2(0.3) Maces & Flails
 + Level 1.0 Ranged Weapons
 + Level 0.6 Throwing
 + Level 2.9 Armour
 + Level 2.0 Dodging
 + Level 1.2 Stealth
 + Level 1.0 Shields
 - Level 5.0 Unarmed Combat
 + Level 1.0 Evocations


You had 5 spell levels left.
You didn't know any spells.
Your spell library was empty.

Dungeon Overview and Level Annotations

Branches:
Dungeon (5/15)             Temple (0/1) D:5

Altars:
Kikubaaqudgha

Shops:
D:2 :   D:3 [

Annotations:
D:5 oldplebian's ghost, novice GnCA


Innate Abilities, Weirdness & Mutations

You have a pair of horns on your head.
You reflexively headbutt those who attack you in melee.


Message History

You hit the giant cockroach. You drain the giant cockroach.
The giant cockroach is severely wounded.
Oldplebian's ghost hits you. You block the giant cockroach's attack.
You hit the giant cockroach.
The giant cockroach is almost dead.
Oldplebian's ghost barely misses you.
The giant cockroach waves its antennae.
The giant cockroach bites you but does no damage.
You hit the giant cockroach.
You kill the giant cockroach!
Oldplebian's ghost hits you.
You enter the shallow water.
Moving in this stuff is going to be slow.
Oldplebian's ghost hits you! Oldplebian's ghost hits you!
Oldplebian's ghost barely misses you. You furiously retaliate!
You headbutt oldplebian's ghost. You block oldplebian's ghost's attack.
Your unstable footing causes you to fumble your attack.
Oldplebian's ghost hits you!
* * * LOW HITPOINT WARNING * * *
You hit oldplebian's ghost but do no damage.
Oldplebian's ghost is lightly damaged.
Oldplebian's ghost hits you but does no damage.
You barely miss oldplebian's ghost.
Oldplebian's ghost is lightly damaged.
Oldplebian's ghost misses you.
Your unstable footing causes you to fumble your attack.
Oldplebian's ghost hits you.
* * * LOW HITPOINT WARNING * * *
You feel better. Oldplebian's ghost hits you!
* * * LOW HITPOINT WARNING * * *
A red film seems to cover your vision as you go berserk!
You feel yourself moving faster!
You feel mighty! Oldplebian's ghost hits you.
* * * LOW HITPOINT WARNING * * *
You barely miss oldplebian's ghost. You headbutt oldplebian's ghost!
Oldplebian's ghost is moderately damaged.
You hit oldplebian's ghost but do no damage.
Oldplebian's ghost is moderately damaged.
Oldplebian's ghost hits you!
You die...

...........##.....#..
##...##..#.# .#.#.#.
#...###'### .....
#...#.....# #.#.#
#...#.⌠.†.####.#.##
#...'..>..'.......#
.....#.⌠.⌠.#.####'##
.... #.....#...#W~~#
### ###+###.###@~~#
#.. #~~~# ### #~~~#
#~?~# #~~~# #~~~#
#~~~# #~~~#


You could see oldplebian's ghost.

Vanquished Creatures
  A phantom (D:4)
  A howler monkey (D:3)
  An iguana (D:4)
  2 orc wizards
  6 adders
  An ufetubus (D:5)
  A worm (D:2)
  2 dart slugs (D:1)
  9 orcs
  3 ball pythons
  6 endoplasms
  3 giant cockroaches
  10 goblins
  5 hobgoblins
  2 quokkas
  5 bats
  4 frilled lizards (D:1)
  6 kobolds
  6 rats
74 creatures vanquished.

Notes
Turn   | Place    | Note
-------+----------+-------------------------------------------
     0 | D:1      | Mickster the Minotaur Wanderer began the quest for the Orb.
     0 | D:1      | Mickster set off with the following items: a +0 dagger, a
                  | potion of berserk rage, a potion of lignification, a +0
                  | cloak, a potion of mutation, a +0 leather armour, a scroll
                  | of blinking.
     0 | D:1      | Reached XP level 1. HP: 19/19 MP: 0/0
   134 | D:1      | Reached XP level 2. HP: 21/27 MP: 1/1
   539 | D:1      | Reached skill level 5 in Unarmed Combat
   751 | D:2      | Found Inaitti's Book Emporium.
   807 | D:2      | Reached XP level 3. HP: 33/33 MP: 2/2
   941 | D:2      | Found an ancient bone altar of Kikubaaqudgha.
  1002 | D:2      | Found a faded altar of an unknown god.
  1125 | D:2      | Reached skill level 1 in Short Blades
  1621 | D:3      | Found Yrghop's Antique Armour Boutique.
  1646 | D:3      | Reached XP level 4. HP: 39/41 MP: 3/3
  1750 | D:3      | Reached XP level 5. HP: 37/47 MP: 4/4
  1914 | D:3      | Reached skill level 1 in Ranged Weapons
  2048 | D:4      | Noticed a phantom
  2062 | D:4      | Killed a phantom
  2147 | D:4      | Reached skill level 1 in Stealth
  2147 | D:4      | Reached XP level 6. HP: 39/53 MP: 5/5
  2419 | D:5      | Entered Level 5 of the Dungeon
  2484 | D:5      | Reached skill level 1 in Shields
  2527 | D:5      | Found a staircase to the Ecumenical Temple.
  2549 | D:5      | Found a runed translucent door.
  2556 | D:5      | Noticed oldplebian's ghost (novice GnCA)
  2575 | D:5      | Slain by oldplebian's ghost

Illustrated notes

Levels and vault maps discovered:
D:1:      dpeg_arrival_leaves_temple_mockup, layout_basic
D:2:      kennysheep_big_flooded_room, layout_basic, serial_shops,
          nicolae_diamond_shop, shop, basic_altar,
          shapermc_ecumenical_altar_mp_highgroup
D:3:      kennysheep_the_goblin_king, layout_basic,
          mainiacjoe_overflow_alcove_4, serial_shops, nicolae_square_shop,
          kennysheep_generic_room_4
D:4:      layout_basic, minmay_close_crescents
D:5:      layout_loops_cross, chequers_temple_overflow_statue_of_worship,
          minmay_temple_entry_hall, ebering_ghost_sewer_f

Skill      XL: |  1  2  3  4  5  6 |
---------------+-------------------+-----
Unarmed Combat | 5 |  5.0
Fighting       | 4 |  4.9
Short Blades   | 1 2 3 |  3.6
Armour         | 2 |  2.9
Ranged Weapons | 1 |  1.0
Stealth        | 1 |  1.2
Dodging        | 2 |  2.0
Shields        | 1 |  1.0
Axes           | |  0.2
Maces & Flails | |  0.2
Throwing       | |  0.6
Evocations     | |  1.0

Action                     |  1- 3 |  4- 6 || total
---------------------------+-------+-------++-------
  Melee: Dagger            |    51 |    98 ||   149
         Headbutt          |    13 |    20 ||    33
         Club              |    10 |       ||    10
         Hand axe          |    14 |       ||    14
         Punch             |     1 |       ||     1
   Fire: Sling             |    12 |       ||    12
  Throw: Stone             |    12 |       ||    12
    Use: Scroll            |     5 |     1 ||     6
         Potion            |     4 |     4 ||     8
 Armour: Leather armour    |    37 |       ||    37
         Ring mail         |       |    50 ||    50
  Dodge: Dodged            |    62 |    40 ||   102
  Block: Buckler           |     9 |    16 ||    25

Table legend: (Time is in decaauts)
 A = Elapsed time spent in this place.
 B = Non-inter-level travel time spent in this place.
 C = Inter-level travel time spent in this place.
 D = Time resting spent in this place.
 E = Time spent auto-exploring this place.
 F = Levels seen in this place.
 G = Mean time per level.
                   A        B        C        D        E       F      G
               +--------+--------+--------+--------+--------+-----+--------+
         Total |   2575 |   2489 |     86 |    418 |      0 |   5 |  515.0 |
       Dungeon |   2575 |   2489 |     86 |    418 |      0 |   5 |  515.0 |
               +--------+--------+--------+--------+--------+-----+--------+

Top non-repeatable levels by time:
     D:2: 837 daAuts
     D:1: 728 daAuts
     D:3: 482 daAuts
     D:4: 419 daAuts
     D:5: 107 daAuts
